 Dungeon Crawl Stone Soup version 0.31-a0-202-g547052bce9 (webtiles) character file.

Game seed: 10065230553510031507

45 qw the Shooter (level 3, -5/20 HPs)
             Began as a Deep Elf Hunter on June 26, 2023.
             Slain by Grinder (7 damage)
             ... on level 2 of the Dungeon.
             The game lasted 00:00:29 (1417 turns).

qw the Shooter (Deep Elf Hunter)                    Turns: 1417, Time: 00:00:30

Health: -5/20      AC:  8    Str: 10    XL:     3   Next: 42%
Magic:  5/5        EV: 11    Int: 13    God:
Gold:   150        SH:  0    Dex: 18    Spells: 2/2 levels left

rFire   . . .        Y - +0 shortbow
rCold   . . .        (shield currently unavailable)
rNeg    . . .        e - +0 ring mail
rPois   .            (no helmet)
rElec   .            i - +2 cloak
rCorr   .            (no gloves)
SInv    .            (no boots)
Will    .....        (no amulet)
Stlth   +            (no ring)
HPRegen 0.23/turn    (no ring)
MPRegen 0.09/turn

%: no passive effects
@: no status effects
A: no striking features
a: no special abilities


You were on level 2 of the Dungeon.
You visited 1 branch of the dungeon, and saw 3 of its levels.

You collected 150 gold pieces.


   Skills:
 - Level 1.5 Fighting
 + Level 7.0 Ranged Weapons
 - Level 2.4 Dodging
 - Level 1.2 Stealth


You had 2 spell levels left.
You didn't know any spells.
Your spell library was empty.

Inventory:

Hand Weapons
 Y - a +0 shortbow (weapon)
Armour
 e - a +0 ring mail (worn)
 i - a +2 cloak (worn)
Jewellery
 l - a ring of fire
Scrolls
 a - a scroll of identify
Potions
 f - a potion of heal wounds {unknown}
 g - a potion of lignification {unknown}
 h - a potion of berserk rage {unknown}

Dungeon Overview and Level Annotations

Branches:
Dungeon (3/15)

Altars:
Vehumet

Annotations:
D:3 Grinder


Message History

1404 ||| READING 2 scrolls of identify.
As you read the scroll of identify, it crumbles to dust.
d - a potion of attraction;
1404 ||| IDENTIFYING yellow potion Done exploring.
1405 ||| DROPPING potion of attraction.
You drop a potion of attraction.
Done exploring.
(D) Dungeon
Where to? (* - list waypoints, Enter - D:2, ? - help)
What level of the Dungeon? (default 1, ? - help)
There is a stone staircase leading down here.
You climb downwards.
Grinder shouts!
Found a morningstar.
Found a stone staircase leading up.
There is a stone staircase leading up here.
There are monsters nearby!
Waypoint 2 assigned to D:3.
You shoot an arrow. The arrow hits Grinder.
Grinder is lightly wounded.
Grinder blinks!
You shoot an arrow. The arrow hits Grinder!
Grinder is moderately wounded.
The bat barely misses you.
Grinder drinks a potion.
Grinder flickers and vanishes!
Deactivating autopickup; reactivate with Ctrl-A.
You shoot an arrow. The arrow hits the bat!
You kill the bat!
You shoot an arrow. You shoot an arrow. Something hits you but does no damage.
Something hits you.
You writhe in agony.
1414 ||| STAIRDANCE Something hits you!
You writhe in agony.
You climb upwards.
Reactivating autopickup.
There is a stone staircase leading down here.
You start resting.
Something hits you but does no damage.
Deactivating autopickup; reactivate with Ctrl-A.
Autopickup is now on.
You start resting.
Something hits you!
You die...

# ##..#
#......####............
##.###..................####
#....#####.####........# #####
####....##.####........#
....###..........##.'........#
...........#.##..#..#........#
...........#.###...####+######
...........#.# #..#####.#
#..........#.###@!......#
#..........#.##....######
#..........#.##....#
#..........#.##....#
#..........#.....###
#..........#######
#.########## #.# #.#


There were no monsters in sight!

Vanquished Creatures
  A worm (D:2)
  3 dart slugs
  4 endoplasms
  9 goblins
  2 hobgoblins (D:1)
  3 kobolds (D:2)
  A quokka (D:1)
  4 ball pythons
  4 bats
  A frilled lizard (D:1)
  3 rats
35 creatures vanquished.

Notes
Turn   | Place    | Note
-------+----------+-------------------------------------------
     0 | D:1      | qw the Deep Elf Hunter began the quest for the Orb.
     0 | D:1      | Reached XP level 1. HP: 12/12 MP: 3/3
     0 | D:1      | 0 ||| qw: Version: 0.3-a-22-g0ed2b0b
     0 | D:1      | 0 ||| qw: Game counter: 6252
     0 | D:1      | 0 ||| qw: Melee chars always use a shield: true
     0 | D:1      | 0 ||| qw: God list: Okawaru
     0 | D:1      | 0 ||| qw: Allow faded altars: false
     0 | D:1      | 0 ||| qw: Do Orc after clearing Dungeon:15 true
     0 | D:1      | 0 ||| qw: Do second Lair branch before Depths: true
     0 | D:1      | 0 ||| qw: Lair rune preference: random
     0 | D:1      | 0 ||| qw: Goals: Normal
     0 | D:1      | 0 ||| PLANNING D:1-11
   149 | D:1      | Reached XP level 2. HP: 16/16 MP: 4/4
   190 | D:1      | Reached skill level 6 in Ranged Weapons
   704 | D:1      | 704 ||| UPGRADING to +0 ring mail.
   714 | D:1      | 714 ||| DROPPING +0 leather armour.
   715 | D:1      | 715 ||| UPGRADING to +0 cloak.
   720 | D:1      | 720 ||| READING scroll labelled YMNUED YPOYPIA.
   721 | D:1      | 721 ||| READING scroll labelled LYMUOCK DIQU.
   750 | D:1      | 750 ||| READING scroll labelled BUPHITE UPTU.
   751 | D:1      | 751 ||| READING scroll labelled GENUYCS VIMIPUO.
   752 | D:1      | 752 ||| DROPPING scroll of butterflies.
   853 | D:2      | Reached XP level 3. HP: 20/20 MP: 5/5
   988 | D:2      | Found a radiant altar of Vehumet.
  1024 | D:2      | 1024 ||| FLEEEEING.
  1025 | D:2      | 1025 ||| FLEEEEING.
  1026 | D:2      | 1026 ||| FLEEEEING.
  1027 | D:2      | 1027 ||| FLEEEEING.
  1169 | D:2      | Reached skill level 7 in Ranged Weapons
  1300 | D:2      | 1300 ||| READING 3 scrolls labelled DESAW OCYO.
  1301 | D:2      | 1301 ||| READING 2 scrolls of enchant armour.
  1301 | D:2      | 1301 ||| ENCHANTING +0 cloak.
  1302 | D:2      | 1302 ||| READING scroll of enchant armour.
  1302 | D:2      | 1302 ||| ENCHANTING +1 cloak.
  1303 | D:2      | 1303 ||| READING scroll labelled DAICELUGEA.
  1404 | D:2      | 1404 ||| READING 2 scrolls of identify.
  1404 | D:2      | 1404 ||| IDENTIFYING yellow potion
  1405 | D:2      | 1405 ||| DROPPING potion of attraction.
  1408 | D:3      | Noticed Grinder
  1414 | D:3      | 1414 ||| STAIRDANCE
  1414 | D:3      | HP: 1/20 [something (6)]
  1417 | D:2      | Slain by Grinder

Levels and vault maps discovered:
D:1:      dpeg_arrival_concentric_ovals, layout_loops_ring,
          minmay_strange_pillars, serial_bayou_pond_d
D:2:      layout_basic, basic_altar
D:3:      wander_river, layout_loops_cross, chequers_temple_overflow_minitemple,
          uniq_natasha, uniq_grinder, uniq_sigmund

Skill      XL: |  1  2  3 |
---------------+----------+-----
Ranged Weapons | 6 7 |  7.0
Fighting       | |  1.5
Dodging        | |  2.4
Stealth        | |  1.2

Action                     || total
---------------------------++-------
   Fire: Shortbow          ||    88
    Use: Scroll            ||     9
 Armour: Ring mail         ||     7
         Leather armour    ||     2
  Dodge: Dodged            ||    18

Table legend:
 A = Non-vault XP
 B = Vault XP
 C = Vault XP percentage of total XP
 D = Non-vault monster count
 E = Vault monster count
 F = Vault count percentage of total count
                 A         B        C        D         E       F
            +---------+---------+-------+---------+---------+-------
      Total |      65 |       0 |   0.0 |      35 |       0 |   0.0
            +---------+---------+-------+---------+---------+-------
        D:1 |      34 |       0 |   0.0 |      19 |       0 |   0.0
        D:2 |      30 |       0 |   0.0 |      15 |       0 |   0.0
        D:3 |       1 |       0 |   0.0 |       1 |       0 |   0.0
            +---------+---------+-------+---------+---------+-------
